 Dungeon Crawl Stone Soup version 0.31-a0-232-gb1c03b2570 (webtiles) character file.

Game seed: 5345868490291542118

37 Iich the Chopper (level 3, 0/33 HPs)
             Began as a Hill Orc Fighter on July 7, 2023.
             Slain by a kobold
             ... wielding a +2 dagger of electrocution
              (18 damage)
             ... on level 2 of the Dungeon.
             The game lasted 00:01:41 (1222 turns).

Iich the Chopper (Hill Orc Fighter)                 Turns: 1222, Time: 00:01:42

Health: 0/33       AC:  6    Str: 18    XL:     3   Next: 39%
Magic:  3/3        EV:  9    Int:  8    God:
Gold:   28         SH:  4    Dex: 12    Spells: 2/2 levels left

rFire   . . .        a - +0 war axe
rCold   . . .        c - +0 buckler
rNeg    . . .        b - +0 scale mail
rPois   .            (no helmet)
rElec   .            (no cloak)
rCorr   .            (no gloves)
SInv    .            (no boots)
Will    .....        (no amulet) Stlth
                     (no ring)
HPRegen 0.25/turn    (no ring)
MPRegen 0.08/turn

%: no passive effects
@: no status effects
A: no striking features
a: no special abilities


You were on level 2 of the Dungeon.
You visited 1 branch of the dungeon, and saw 2 of its levels.

You collected 28 gold pieces.

Inventory:

Hand Weapons
 a - a +0 war axe (weapon)
Armour
 b - a +0 scale mail (worn)
 c - a +0 buckler (worn)
Scrolls
 e - a scroll of brand weapon {unknown}
 f - a scroll of summoning {unknown}
 h - a scroll of enchant weapon {unknown}
Potions
 d - a potion of might
 g - a potion of curing {unknown}


   Skills:
 + Level 4.2 Fighting
 * Level 4.3 Axes
 - Level 3.2 Armour
 - Level 3.2 Shields


You had 2 spell levels left.
You didn't know any spells.
Your spell library contained the following spells:

 Spells                   Type           Power      Damage    Failure   Level
 Ensorcelled Hibernation  Hex/Ice        0%         N/A       95%         2
 Passwall                 Tmut/Erth      0%         N/A       95%         2
 Swiftness                Air            0%         N/A       99%         3


Dungeon Overview and Level Annotations

Branches:
Dungeon (2/15)

Altars:


Message History

The endoplasm hits you but does no damage.
The endoplasm attacks as you move away! The endoplasm barely misses you.
The endoplasm freezes you.
You are frozen.
You take 1 damage, and have 21/33 hp.
The endoplasm attacks as you move away!
The endoplasm hits you but does no damage.
A kobold comes into view.
It is wielding a +2 dagger of electrocution.
The kobold shouts!
The endoplasm attacks as you move away! You block the endoplasm's attack.
The endoplasm attacks as you move away! The endoplasm barely misses you.
You block the kobold's attack. The kobold attacks as you move away!
The kobold misses you. The endoplasm attacks as you move away!
You block the endoplasm's attack. The endoplasm attacks as you move away!
The endoplasm hits you.
You take 3 damage, and have 20/33 hp.
There is a stone staircase leading up here.
The endoplasm freezes you.
You are frozen.
You climb upwards.
There is a stone staircase leading down here.
You take 1 damage, and have 21/33 hp.
You slash the endoplasm!
You kill the endoplasm!
There is a stone staircase leading down here.
You start resting.
HP restored.
Health restored: 33 You start waiting.
Done waiting.
You start waiting.
Done waiting.
You climb downwards.
The kobold hits you with a +2 dagger of electrocution.
You are electrocuted!
There is a stone staircase leading up, spattered with blood here.
You take 15 damage, and have 18/33 hp. !!!!--MASSIVE DAMAGE--!!!!
The kobold hits you but does no damage.
You are electrocuted!!
Ouch! That really hurt!
You die...

#.#..#.###.# #
#.#........# #.
#.#........#
#.######.#........#
##...........#.###.#
...#....#.#.##.# #.#
#....#.#>.....# #.#
...#..K.#.g.######.#
.......@...........#
.......##.#......###
....................
##+#.####.##...###..
#. ........# . #
###.#....# ..#....#
.#....# #....#


You could see a gnoll and a kobold.

Vanquished Creatures
  A worm (D:1)
  A dart slug (D:1)
  4 ball pythons (D:1)
  An endoplasm (D:1)
  3 giant cockroaches (D:1)
  5 goblins (D:1)
  3 hobgoblins (D:1)
  2 kobolds (D:1)
  3 bats (D:1)
  3 frilled lizards (D:1)
  4 rats
30 creatures vanquished.

Notes
Turn   | Place    | Note
-------+----------+-------------------------------------------
     0 | D:1      | Iich the Hill Orc Fighter began the quest for the Orb.
     0 | D:1      | Reached XP level 1. HP: 19/19 MP: 1/1
    57 | D:1      | Reached XP level 2. HP: 27/27 MP: 2/2
   385 | D:1      | Reached XP level 3. HP: 33/33 MP: 3/3
  1222 | D:2      | Slain by a kobold

Illustrated notes

Levels and vault maps discovered:
D:1:      wheals_arrival_shading, layout_basic, nicolae_wormholes
D:2:      layout_basic, minmay_nonomino_d4

Skill      XL: |  1  2 |
---------------+-------+-----
Axes           | 3 4 |  4.3
Fighting       | 4 |  4.2
Armour         | |  3.2
Shields        | |  3.2

Action                     || total
---------------------------++-------
  Melee: War axe           ||    62
 Armour: Scale mail        ||    27
  Dodge: Dodged            ||    31
  Block: Buckler           ||    11

Table legend: (Time is in decaauts)
 A = Elapsed time spent in this place.
 B = Non-inter-level travel time spent in this place.
 C = Inter-level travel time spent in this place.
 D = Time resting spent in this place.
 E = Time spent auto-exploring this place.
 F = Levels seen in this place.
 G = Mean time per level.
                   A        B        C        D        E       F      G
               +--------+--------+--------+--------+--------+-----+--------+
         Total |   1244 |   1215 |     29 |    242 |    751 |   2 |  622.0 |
       Dungeon |   1244 |   1215 |     29 |    242 |    751 |   2 |  622.0 |
               +--------+--------+--------+--------+--------+-----+--------+

Top non-repeatable levels by time:
     D:1: 1135 daAuts
     D:2: 109 daAuts
